 Dungeon Crawl Stone Soup version 0.29.1-2-gbd0b4ee654 (webtiles) character file.

Game seed: 6018804743064443463

58 mortz the Chopper (level 3, -4/33 HPs)
             Began as a Minotaur Monk on Nov 3, 2022.
             Slain by a gnoll
             ... wielding a +0 spear
              (8 damage)
             ... on level 2 of the Dungeon.
             The game lasted 00:07:09 (1410 turns).

mortz the Chopper (Minotaur Monk)                   Turns: 1410, Time: 00:07:10

Health: -4/33      AC:  3    Str: 17    XL:     3   Next: 76%
Magic:  2/2        EV: 13    Int:  7    God:
Gold:   49         SH:  0    Dex: 12    Spells: 2/2 levels left

rFire   . . .      SeeInvis .   a - +0 hand axe
rCold   . . .      Faith    .   (no shield)
rNeg    . . .      Spirit   .   b - +1 robe
rPois   .          Reflect  .   (helmet restricted)
rElec   .          Harm     .   (no cloak)
rCorr   .          Rampage  .   (no gloves)
Will    .....                   (no boots)
Stlth   +.........              (no amulet)
HPRegen 0.11/turn               (no ring)
MPRegen 0.08/turn               (no ring)

@: confused, ambrosia-drunk
A: horns 2, retaliatory headbutt
a: no special abilities


You were on level 2 of the Dungeon.
You visited 1 branch of the dungeon, and saw 2 of its levels.

You collected 49 gold pieces.

Inventory:

Hand Weapons
 a - a +0 hand axe (weapon)
 g - a +0 spear
 l - a +0 hand axe
Missiles
 e - 3 poisoned darts (quivered)
Armour
 b - a +1 robe (worn)
Scrolls
 d - a scroll of identify {unknown}
 k - a scroll of torment {unknown}
 m - a scroll of immolation {unknown}
 n - a scroll of poison {unknown}
Potions
 f - 2 potions of curing {unknown}
 h - 2 potions of might {unknown}
 i - a potion of heal wounds {unknown}
 j - a potion of mutation {unknown}


   Skills:
 + Level 4.2 Fighting
 + Level 4.6 Axes
 + Level 3.7 Dodging
 + Level 2.1 Stealth


You had 2 spell levels left.
You didn't know any spells.
Your spell library contained the following spells:

 Spells                   Type           Power      Damage    Failure   Level
 Apportation              Tloc           0%         N/A       43%         1
 Gell's Gravitas          Tloc           0%         N/A       80%         3
 Teleport Other           Tloc           0%         N/A       80%         3
 Alistair's Intoxication  Tmut/Pois      0%         N/A       100%        5
 Dispersal                Tloc           0%         N/A       100%        6


Dungeon Overview and Level Annotations

Branches:
Dungeon (2/15) Zot: 10583

Altars:

Shops:
D:1 =*=


Innate Abilities, Weirdness & Mutations

You have a pair of horns on your head.
You reflexively headbutt those who attack you in melee.


Message History

You kill the jackal!
You hit the gnoll. You headbutt the gnoll.
You kill the gnoll!
Your Stealth skill increases to level 2!
You slash the hobgoblin!
You kill the hobgoblin!
You closely miss the rat. The gnoll barely misses you.
You barely miss the rat. The rat misses you. You furiously retaliate!
You headbutt the rat.
You kill the rat!
The gnoll barely misses you. The gnoll hits you with a +0 spear.
Things that are here:
a +0 flail; a hobgoblin corpse; a gnoll corpse You slash the gnoll!
The gnoll is severely wounded.
The gnoll misses you.
You closely miss the gnoll.
The gnoll is severely wounded.
The gnoll completely misses you. You furiously retaliate!
You headbutt the gnoll!
You kill the gnoll!
You hit the endoplasm.
The endoplasm is moderately wounded.
The endoplasm misses you.
You hit the endoplasm. You headbutt the endoplasm.
You kill the endoplasm!
You hit the kobold but do no damage. The gnoll misses you.
You barely miss the kobold. The kobold barely misses you.
The gnoll hits you from afar with a +0 spear.
You closely miss the kobold.
The gnoll hits you from afar with a +0 spear!
* * * LOW HITPOINT WARNING * * *
The kobold hits you with a +0 whip.
* * * LOW HITPOINT WARNING * * *
You are confused.
You feel invigorated. The kobold hits you with a +0 whip.
* * * LOW HITPOINT WARNING * * *
The gnoll hits you from afar with a +0 spear!
You die...

#.....###.#!!...#..#......####.
#.........#$.$.$#.##......#
#....†#+#.#$.!..#.#######.#
##...## ###+)).##.# #.# #.#.#
#'#.## #.# #...## #..## #.#
#....#### ##g#########.#
#.##....# #K##......#.# ####
#.#####.# #@##......#.###...
#.......## ##.................
#######..####...#......#.###...
#..............+........<.....
##.######......########.######
#......# #....... #.(..###
######## ######


You could see a gnoll and a kobold.

Vanquished Creatures
  2 gnolls (D:2)
  A dart slug (D:1)
  A ball python (D:2)
  4 bats
  3 endoplasms
  A giant cockroach (D:2)
  7 goblins (D:1)
  5 hobgoblins
  3 jackals
  2 quokkas (D:1)
  A frilled lizard (D:1)
  3 rats
33 creatures vanquished.

Notes
Turn   | Place    | Note
-------+----------+-------------------------------------------
     0 | D:1      | mortz the Minotaur Monk began the quest for the Orb.
     0 | D:1      | Reached XP level 1. HP: 19/19 MP: 0/0
   108 | D:1      | Found Xomijogo's Jewellery Boutique.
   218 | D:1      | Reached XP level 2. HP: 27/27 MP: 1/1
   925 | D:1      | Found Sonip's Jewellery Boutique.
   926 | D:1      | Found Impeaz's Assorted Antiques.
  1128 | D:1      | Reached XP level 3. HP: 32/33 MP: 2/2
  1154 | D:2      | Found a faded altar of an unknown god.
  1410 | D:2      | Slain by a gnoll

Illustrated notes

Levels and vault maps discovered:
D:1:      saegor_arrival_simple_c, layout_basic, serial_shops,
          nicolae_shop_behind_doors, nicolae_shop_trees, shop
D:2:      layout_basic, ebering_ecumenical_altar_abandoned,
          minmay_joined_circles

Skill      XL: |  1  2  3 |
---------------+----------+-----
Axes           | 4 |  4.6
Fighting       | 4 |  4.2
Stealth        | 2 |  2.1
Dodging        | |  3.7

Action                   || total
-------------------------++-------
Melee: Hand axe          ||    58
       Headbutt          ||     9
  Use: Scroll            ||     2
       Potion            ||     1
 Stab: Sleeping          ||     5
Armor: Robe              ||     7
Dodge: Dodged            ||    27
